 Dungeon Crawl Stone Soup version 0.30-a0-802-gb92711bcdf (webtiles) character file.

Game seed: 636605565271416567

51 retardedninja the Trooper (level 3, -4/33 HPs)
             Began as a Minotaur Fighter on Feb 24, 2023.
             Slain by Grinder (6 damage)
             ... while paralysed by Grinder
             ... on level 3 of the Dungeon.
             The game lasted 00:01:31 (1111 turns).

retardedninja the Trooper (Minotaur Fighter)        Turns: 1111, Time: 00:01:32

Health: -4/33      AC:  7    Str: 22    XL:     3   Next: 58%
Magic:  2/2        EV:  2    Int:  5    God:
Gold:   117        SH:  0    Dex:  9    Spells: 2/2 levels left

rFire   . . .      SeeInvis .    a - +0 war axe
rCold   . . .      Faith    .    c - +0 buckler
rNeg    . . .      Spirit   .    b - +0 scale mail
rPois   .          Reflect  .    (helmet restricted)
rElec   .          Harm     .    (no cloak)
rCorr   .          Rampage  .    (no gloves)
Will    .....                    (no boots) Stlth
                                 (no amulet)
HPRegen 0.25/turn                (no ring)
MPRegen 0.08/turn                (no ring)

@: paralysed, mighty, flying
A: horns 2, retaliatory headbutt
a: no special abilities


You were on level 3 of the Dungeon.
You visited 1 branch of the dungeon, and saw 3 of its levels.

You collected 117 gold pieces.

Inventory:

Hand Weapons
 a - a +0 war axe (weapon)
Armour
 b - a +0 scale mail (worn)
 c - a +0 buckler (worn)
Jewellery
 l - an amulet of reflection
Scrolls
 e - a scroll of identify {unknown}
 f - a scroll of fog {unknown}
 i - a scroll of enchant weapon {unknown}
 j - a scroll of fear {unknown}
Potions
 g - a potion of flight


   Skills:
 + Level 4.2 Fighting
 + Level 3.1 Axes
 + Level 4.1 Armour
 + Level 4.2 Shields


You had 2 spell levels left.
You didn't know any spells.
Your spell library contained the following spells:

 Spells                   Type           Power      Damage    Failure   Level
 Ensorcelled Hibernation  Hex/Ice        0%         N/A       95%         2
 Passwall                 Tmut/Erth      0%         N/A       95%         2
 Swiftness                Air            0%         N/A       99%         3


Dungeon Overview and Level Annotations

Branches:
Dungeon (3/15)

Altars:

Annotations:
D:3 Grinder, Natasha


Innate Abilities, Weirdness & Mutations

You have a pair of horns on your head.
You reflexively headbutt those who attack you in melee.


Message History

The grasping roots constrict you!
* * * LOW HITPOINT WARNING * * *
The grasping roots release their grip on you.
Grinder gestures at you. Pain shoots through your body!
* * * LOW HITPOINT WARNING * * *
It was a potion of flight.
You feel very buoyant.
You fly up into the air.
It was a potion of curing.
You feel better.
It was a potion of heal wounds.
You feel much better. Grinder gestures at you.
You suddenly lose the ability to move!
Grinder hits you.
You writhe in agony.
Grinder zaps a wand.
The roots erupt in riotous growth!
The grasping roots grab you!
Grinder is unaffected.
The grasping roots constrict you.
You hear a shout!
You can move again.
Unknown command.
Unknown command.
Unknown command.
Unknown command.
You feel very mighty all of a sudden. Grinder hits you but does no damage.
The grasping roots constrict you!
You closely miss Grinder. Your headbutt misses Grinder.
Natasha, Servant of Life and Death comes into view.
Grinder hits you.
* * * LOW HITPOINT WARNING * * *
The grasping roots constrict you.
* * * LOW HITPOINT WARNING * * *
The grasping roots release their grip on you.
You slash Grinder! Your headbutt misses Grinder.
Grinder is moderately wounded.
Grinder gestures at you.
You suddenly lose the ability to move!
Natasha claws you.
* * * LOW HITPOINT WARNING * * *
Grinder hits you.
You die...

#.... #### #....
.... ###.... .....
#...... .....
#...... ...(..
####......##......
..>#...........:..
#.....###5# ..
#........@#....
#.#.......h......
#
#.#.#...####...##
#.#.#.#...####...#
#.#.#.......... .#
#.............. #
###.##..........
#...............
#.#.###.#####...


You could see Grinder and Natasha.

Vanquished Creatures
  An adder (D:2)
  2 dart slugs (D:1)
  2 endoplasms
  2 giant cockroaches
  6 goblins
  4 hobgoblins
  3 quokkas (D:2)
  6 ball pythons
  3 bats
  2 frilled lizards (D:2)
  4 kobolds
  A rat (D:2)
36 creatures vanquished.

Notes
Turn   | Place    | Note
-------+----------+-------------------------------------------
     0 | D:1      | retardedninja the Minotaur Fighter began the quest for the
                  | Orb.
     0 | D:1      | Reached XP level 1. HP: 19/19 MP: 0/0
   171 | D:1      | Reached XP level 2. HP: 25/27 MP: 1/1
   675 | D:2      | Reached XP level 3. HP: 33/33 MP: 2/2
  1098 | D:3      | Noticed Grinder
  1101 | D:3      | HP: 1/33 [Grinder/nerve-wracking pain (1)]
  1104 | D:3      | Paralysed by Grinder for 4 turns
  1109 | D:3      | Noticed Natasha
  1110 | D:3      | Paralysed by Grinder for 2 turns
  1111 | D:3      | Slain by Grinder

Illustrated notes

Levels and vault maps discovered:
D:1:      evilmike_arrival_crescent, layout_basic, item_on_display_a
D:2:      layout_basic
D:3:      layout_basic, gup_sewer_entry_glass, uniq_grinder, uniq_natasha

Skill      XL: |  1  2 |
---------------+-------+-----
Fighting       | 4 |  4.2
Shields        | 4 |  4.2
Armour         | 4 |  4.1
Axes           | 3 |  3.1

Action                     || total
---------------------------++-------
  Melee: War axe           ||    67
         Headbutt          ||     6
    Use: Potion            ||     4
 Armour: Scale mail        ||    23
  Dodge: Dodged            ||    36
  Block: Buckler           ||    12

Table legend: (Time is in decaauts)
 A = Elapsed time spent in this place.
 B = Non-inter-level travel time spent in this place.
 C = Inter-level travel time spent in this place.
 D = Time resting spent in this place.
 E = Time spent auto-exploring this place.
 F = Levels seen in this place.
 G = Mean time per level.
                   A        B        C        D        E       F      G
               +--------+--------+--------+--------+--------+-----+--------+
         Total |   1137 |   1117 |     20 |      0 |    892 |   3 |  379.0 |
       Dungeon |   1137 |   1117 |     20 |      0 |    892 |   3 |  379.0 |
               +--------+--------+--------+--------+--------+-----+--------+

Top non-repeatable levels by time:
     D:1: 573 daAuts
     D:2: 537 daAuts
     D:3: 25 daAuts
